 Dungeon Crawl Stone Soup version 0.29.0-4-gdea44cf6ec (webtiles) character file.

Game seed: 9000426128943531735

16371 qw the Severer (level 12, -2/102 (104) HPs)
             Began as a Minotaur Berserker on Sept 4, 2022.
             Was a Priest of Trog.
             Slain by a profane servitor
             ... wielding a +1 whip
              (16 damage)
             ... on level 1 of the Abyss.
             The game lasted 00:04:18 (13654 turns).

qw the Severer (Minotaur Berserker)                Turns: 13654, Time: 00:04:18

HP:   -2/102 (104)  AC: 21    Str: 24    XL:     12   Next: 9%
MP:   11/11         EV:  6    Int: 10    God:    Trog [***...]
Gold: 606           SH: 22    Dex: 11    Spells: 11/11 levels left

rFire   . . .      SeeInvis .   Y - +0 war axe
rCold   . . .      Faith    .   p - +0 tower shield
rNeg    . . .      Spirit   .   b - +0 plate armour
rPois   +          Reflect  +   (helmet restricted)
rElec   .          Harm     .   f - +0 cloak
rCorr   .          Rampage  .   j - +2 pair of gloves
Will    .....                   u - +2 pair of boots
Stlth   ..........              g - amulet of reflection
HPRegen 0.27/turn               e - ring of poison resistance
MPRegen 0.12/turn               r - +6 ring of intelligence

@: about to teleport, on berserk cooldown, slowed, wreathed by umbra, lightly
drained, very slow
A: horns 2, retaliatory headbutt, weak 1
a: Renounce Religion, Berserk, Trog's Hand


You were on level 1 of the Abyss.
You worshipped Trog.
Trog was most pleased with you.
You visited 2 branches of the dungeon, and saw 12 of its levels.
You visited the Abyss 1 time.

You collected 669 gold pieces.
You spent 63 gold pieces at shops.


Innate Abilities, Weirdness & Mutations

You have a pair of horns on your head.
You reflexively headbutt those who attack you in melee.
You are weak. (Str -2)


   Skills:
 - Level 9.1 Fighting
 - Level 15.0 Axes
 - Level 3.4 Throwing
 - Level 8.0 Armour
 - Level 3.9 Dodging
 + Level 13.6 Shields


You had 11 spell levels left.
You didn't know any spells.
Your spell library was empty.

Inventory:

Hand Weapons
 h - a +0 flail
 Y - a +0 war axe (weapon)
Missiles
 o - 4 boomerangs
 q - 2 javelins (quivered)
Armour
 b - a +0 plate armour (worn)
 f - a +0 cloak (worn)
 j - a +2 pair of gloves (worn)
 p - a +0 tower shield (worn)
 u - a +2 pair of boots (worn)
Jewellery
 a - a ring of fire
 d - a ring of ice
 e - a ring of poison resistance (left hand)
 g - an amulet of reflection (around neck)
 r - a +6 ring of intelligence (right hand)
 t - a ring of fire
Scrolls
 m - 4 scrolls of identify
Potions
 c - 3 potions of mutation
 i - 6 potions of curing
 k - a potion of might
 l - 2 potions of resistance
 n - a potion of haste

Dungeon Overview and Level Annotations

Branches:
Dungeon (9/15)             Temple (0/1) D:5            Lair (3/5) D:9
  Swamp (0/4) Lair:2       Spider (0/4) Lair:2
    Orc: D:9-12

Altars:
Ashenzari
Dithmenos
Gozag
Kikubaaqudgha
Makhleb
Qazlal
Yredelemnul
Zin

Shops:
D:1 =*   D:7 :

Annotations:
Lair:2 3 runed translucent doors, qw's ghost, journeyman TrCA
Lair:3 Sonja


Message History

The profane servitor draws strength from your injuries!
You block the profane servitor's attack.
A wolf comes into view.
The white imp gestures at you.
The puff of frost hits you but does no damage.
The profane servitor hits you with a +1 whip.
The profane servitor draws strength from your injuries!
The profane servitor hits you with a +1 whip.
You block the profane servitor's attack.
The profane servitor hits you with a +1 whip.
You feel drained.
The wolf moves out of view.
13651 ||| DRINKING potion of heal wounds.
You feel much better.
You block the profane servitor's attack.
The profane servitor hits you but does no damage. x2
You block the profane servitor's attack.
You slash the profane servitor!
The profane servitor is lightly damaged.
You block the profane servitor's attack. x2
The profane servitor hits you but does no damage. x2
The white imp gestures at you. The puff of frost hits you!
You hit the profane servitor.
The profane servitor is lightly damaged.
You barely miss the white imp.
You block the profane servitor's attack. x2
The white imp barely misses you.
The profane servitor hits you with a +1 whip.
The profane servitor draws strength from your injuries!
The profane servitor hits you but does no damage.
You miss the profane servitor.
Your headbutt misses the profane servitor.
The profane servitor is lightly damaged.
You slash the white imp!
You kill the white imp!
Trog accepts your kill. The profane servitor barely misses you.
The profane servitor hits you but does no damage.
The profane servitor hits you with a +1 whip!
You die...

.# .¤##. .
. .¤¤¤ . #
#. # ...# ¤
# #.#.
...## .#
#..#
#..##.... #
..##..¤....
.#......#
.#.@...#
#...A..##
#....¤..#
#..#......#
........>.#
..........#
##.#._.####
......# .


You could see a profane servitor.

Vanquished Creatures
  A hydra (Lair:2)
  A thrashing horror (Abyss:1)
  4 skeletal warriors (D:9)
  3 elephants (Lair:2)
  A black mamba (Lair:1)
  4 cane toads
  A rime drake (Lair:3)
  2 komodo dragons
  A hellwing (Abyss:1)
  2 hornets
  A polar bear (Lair:1)
  3 blink frogs (Lair:2)
  Sigmund (D:4)
  2 large abominations (Abyss:1)
  A wyvern (Lair:3)
  A ynoxinul (Abyss:1)
  12 yaks (Lair:1)
  2 wraiths (D:9)
  A neqoxec (Abyss:1)
  Grum (Lair:1)
  2 steam dragons
  A chaos spawn (Abyss:1)
  2 redbacks (Lair:2)
  An acid dragon (D:8)
  Edmund (D:6)
  6 water moccasins
  3 ice beasts
  2 orc warriors
  3 black bears
  2 sky beasts
  3 ogres
  2 centaurs
  4 wolves (Lair:1)
  2 phantoms
  13 bullfrogs
  8 scorpions
  A necrophage (D:5)
  A gnoll sergeant (D:5)
  A jelly (D:6)
  A quasit (Abyss:1)
  A hound (D:4)
  2 orc priests
  2 iguanas
  5 orc wizards
  Robin (D:3)
  7 adders
  2 shadow imps
  2 white imps
  3 worms (D:2)
  4 dart slugs
  23 orcs
  7 bats
  7 endoplasms
  14 hobgoblins
  7 jackals
  A quokka (D:3)
  3 ball pythons
  5 frilled lizards
  11 goblins
  3 kobolds
  6 rats
220 creatures vanquished.

Vanquished Creatures (others)
  An orc wizard (D:9)
  2 fungi
  3 plants
6 creatures vanquished.

Grand Total: 226 creatures vanquished

Notes
Turn   | Place    | Note
-------+----------+-------------------------------------------
     0 | D:1      | qw the Minotaur Berserker began the quest for the Orb.
     0 | D:1      | Reached XP level 1. HP: 19/19 MP: 0/0
     0 | D:1      | 0 ||| qw: Version: 0.1-a-103-gd6f5d3a
     0 | D:1      | 0 ||| qw: Game counter: 5583
     0 | D:1      | 0 ||| qw: Always use a shield: true
     0 | D:1      | 0 ||| qw: Do Orc after D:15 true
     0 | D:1      | 0 ||| qw: Do second Lair branch before Depths: true
     0 | D:1      | 0 ||| qw: Lair rune preference: random
     0 | D:1      | 0 ||| qw: Plans: Normal
     0 | D:1      | 0 ||| PLANNING D:1-11
    53 | D:1      | Reached skill level 4 in Axes
   177 | D:1      | Reached XP level 2. HP: 26/26 MP: 1/1
   397 | D:1      | Found a faded altar of an unknown god.
   433 | D:1      | 433 ||| Stepping ~*~*~tactically~*~*~ (stealth).
   434 | D:1      | 434 ||| Stepping ~*~*~tactically~*~*~ (stealth).
   642 | D:1      | Found Zocle's Assorted Antiques.
   691 | D:1      | 691 ||| BUYING glowing amethyst potion (19 gold).
   691 | D:1      | Bought a glowing amethyst potion for 19 gold pieces
   691 | D:1      | 691 ||| SHOPLISTING glowing cloak (165 gold, have 46).
   691 | D:1      | 691 ||| BUYING scroll labelled FYCOOTRU ERGHO (22 gold).
   691 | D:1      | Bought a scroll labelled FYCOOTRU ERGHO for 22 gold pieces
   691 | D:1      | 691 ||| BUYING scroll labelled NISAMM LIGE (22 gold).
   691 | D:1      | Bought a scroll labelled NISAMM LIGE for 22 gold pieces
   691 | D:1      | 691 ||| SHOPLISTING tiny jade amulet (110 gold, have 2).
   691 | D:1      | 691 ||| SHOPLISTING white potion (19 gold, have 2).
  1027 | D:1      | Reached skill level 5 in Axes
  1040 | D:1      | Found Zypsitsi's Jewellery Shop.
  1043 | D:1      | 1043 ||| SHOPLISTING +4 ring of evasion (360 gold, have
                  | 34).
  1043 | D:1      | 1043 ||| SHOPLISTING ring "Vaiqif" {rC+ rN+ Will++} (502
                  | gold, have 34).
  1043 | D:1      | 1043 ||| SHOPLISTING ring of resist corrosion (200 gold,
                  | have 34).
  1043 | D:1      | 1043 ||| SHOPLISTING ring of see invisible (150 gold, have
                  | 34).
  1084 | D:1      | 1084 ||| UPGRADING to +0 leather armour.
  1094 | D:1      | 1094 ||| DROPPING +0 animal skin.
  1095 | D:1      | 1095 ||| UPGRADING to +0 pair of gloves.
  1100 | D:1      | 1100 ||| UPGRADING to amulet of reflection.
  1105 | D:1      | 1105 ||| READING scroll labelled JEDEOS BUNAIT.
  1106 | D:1      | 1106 ||| DROPPING +0 whip.
  1107 | D:1      | 1107 ||| READING 2 scrolls labelled MOCEOB VYAD.
  1108 | D:1      | 1108 ||| READING scroll labelled MEG NATARAOFF.
  1109 | D:1      | 1109 ||| READING 2 scrolls labelled NISAMM LIGE.
  1110 | D:1      | 1110 ||| READING scroll labelled FYCOOTRU ERGHO.
  1111 | D:1      | 1111 ||| READING scroll labelled ESMYAR WEKHUD.
  1112 | D:1      | 1112 ||| DRINKING 2 glowing amethyst potions.
  1151 | D:1      | 1151 ||| DRINKING 3 white potions.
  1152 | D:1      | 1152 ||| DROPPING scroll of fog.
  1153 | D:1      | 1153 ||| DROPPING potion of lignification.
  1204 | D:2      | 1204 ||| STAIRDANCE
  1207 | D:1      | Reached XP level 3. HP: 30/31 MP: 2/2
  1215 | D:2      | 1215 ||| STAIRDANCE
  1229 | D:2      | 1229 ||| INVOKING Berserk.
  1236 | D:2      | 1236 ||| STAIRDANCE
  1464 | D:2      | 1464 ||| INVOKING Berserk.
  1650 | D:2      | 1650 ||| Stepping ~*~*~tactically~*~*~ (stealth).
  1653 | D:2      | Reached ** piety under Trog
  1870 | D:2      | 1870 ||| Stepping ~*~*~tactically~*~*~ (stealth).
  1878 | D:2      | 1878 ||| INVOKING Berserk.
  1880 | D:2      | Reached skill level 6 in Axes
  1880 | D:2      | Reached XP level 4. HP: 39/39 MP: 3/3
  2022 | D:2      | 2022 ||| UPGRADING to +0 ring mail.
  2032 | D:2      | 2032 ||| DROPPING +0 leather armour.
  2033 | D:2      | 2033 ||| READING scroll labelled UVUPTITUGH.
  2062 | D:3      | 2062 ||| Stepping ~*~*~tactically~*~*~ (stealth).
  2063 | D:3      | 2063 ||| Stepping ~*~*~tactically~*~*~ (stealth).
  2226 | D:3      | 2226 ||| Stepping ~*~*~tactically~*~*~ (stealth).
  2364 | D:3      | Found a shadowy altar of Dithmenos.
  2366 | D:3      | 2366 ||| Stepping ~*~*~tactically~*~*~ (stealth).
  2368 | D:3      | 2368 ||| Stepping ~*~*~tactically~*~*~ (stealth).
  2376 | D:3      | 2376 ||| Stepping ~*~*~tactically~*~*~ (stealth).
  2380 | D:3      | Noticed Robin
  2381 | D:3      | 2381 ||| INVOKING Berserk.
  2382 | D:3      | Killed Robin
  2702 | D:3      | 2702 ||| Stepping ~*~*~tactically~*~*~ (stealth).
  2711 | D:3      | 2711 ||| Stepping ~*~*~tactically~*~*~ (stealth).
  2804 | D:3      | You fall into a shaft and drop 3 floors!
  2804 | D:6      | Found a basalt altar of Yredelemnul.
  2822 | D:6      | Noticed a bullfrog
  2830 | D:6      | Killed a bullfrog
  2831 | D:6      | Reached skill level 7 in Axes
  2831 | D:6      | Reached XP level 5. HP: 36/45 MP: 4/4
  2886 | D:6      | Noticed a sky beast
  2887 | D:6      | 2887 ||| Stepping ~*~*~tactically~*~*~ (stealth).
  2928 | D:6      | Noticed a centaur
  2929 | D:6      | 2929 ||| Stepping ~*~*~tactically~*~*~ (hiding).
  2936 | D:6      | Killed a centaur
  2937 | D:6      | Reached XP level 6. HP: 52/55 MP: 5/5
  2981 | D:6      | Noticed a water moccasin
  2992 | D:6      | Killed a water moccasin
  2993 | D:6      | Reached skill level 8 in Axes
  3041 | D:6      | Found an opulent altar of Gozag.
  3060 | D:6      | 3060 ||| UPGRADING to +0 cloak.
  3065 | D:6      | 3065 ||| UPGRADING to ring of poison resistance.
  3066 | D:6      | 3066 ||| DRINKING 2 glowing orange potions.
  3170 | D:6      | 3170 ||| DROPPING potion of berserk rage.
  3214 | D:5      | Entered Level 5 of the Dungeon
  3232 | D:5      | Reached skill level 9 in Axes
  3232 | D:5      | Reached XP level 7. HP: 39/60 MP: 6/6
  3240 | D:5      | 3240 ||| INVOKING Berserk.
  3551 | D:5      | 3551 ||| READING scroll of brand weapon.
  3551 | D:5      | 3551 ||| BRANDING +0 hand axe of flaming.
  3570 | D:5      | 3570 ||| UPGRADING to +0 scale mail.
  3580 | D:5      | 3580 ||| DROPPING +0 ring mail.
  3587 | D:5      | 3587 ||| Stepping ~*~*~tactically~*~*~ (hiding).
  3588 | D:5      | 3588 ||| Stepping ~*~*~tactically~*~*~ (hiding).
  3602 | D:5      | Reached skill level 10 in Axes
  3699 | D:4      | Noticed Sigmund
  3700 | D:4      | 3700 ||| INVOKING Berserk.
  3706 | D:4      | Killed Sigmund
  3715 | D:4      | Reached XP level 8. HP: 63/70 MP: 7/7
  3878 | D:3      | Reached skill level 6 in Fighting
  3944 | D:3      | 3944 ||| READING scroll labelled YKLOIT KURE.
  4045 | D:3      | 4045 ||| READING scroll labelled BEUDACIKES.
  4089 | D:4      | 4089 ||| INVOKING Berserk.
  4264 | D:4      | 4264 ||| SWAPPING to +0 war axe.
  4267 | D:4      | 4267 ||| DROPPING +0 vorpal hand axe.
  4381 | D:4      | 4381 ||| Stepping ~*~*~tactically~*~*~ (hiding).
  4453 | D:4      | Reached *** piety under Trog
  4679 | D:4      | 4679 ||| READING scroll of enchant armour.
  4679 | D:4      | 4679 ||| ENCHANTING +0 pair of gloves.
  4719 | D:4      | Reached skill level 11 in Axes
  4731 | D:4      | 4731 ||| Stepping ~*~*~tactically~*~*~ (stealth).
  4988 | D:4      | 4988 ||| DRINKING 2 green potions.
  4989 | D:4      | 4989 ||| DRINKING 2 puce potions.
  4990 | D:4      | 4990 ||| READING 3 scrolls of identify.
  4990 | D:4      | 4990 ||| IDENTIFYING emerald potion
  4991 | D:4      | 4991 ||| READING 2 scrolls of identify.
  4991 | D:4      | 4991 ||| IDENTIFYING metallic grey potion
  4992 | D:4      | 4992 ||| DROPPING potion of flight.
  4993 | D:4      | 4993 ||| DROPPING potion of brilliance.
  5196 | D:5      | Found a broken altar of Ashenzari.
  5232 | D:5      | 5232 ||| Stepping ~*~*~tactically~*~*~ (stealth).
  5321 | D:5      | 5321 ||| Stepping ~*~*~tactically~*~*~ (stealth).
  5323 | D:5      | 5323 ||| INVOKING Berserk.
  5326 | D:5      | Reached skill level 1 in Throwing
  5399 | D:5      | 5399 ||| Stepping ~*~*~tactically~*~*~ (stealth).
  5447 | D:5      | 5447 ||| INVOKING Berserk.
  5449 | D:5      | Reached skill level 12 in Axes
  5595 | D:5      | Found a staircase to the Ecumenical Temple.
  5613 | D:5      | 5613 ||| INVOKING Berserk.
  5961 | D:5      | 5961 ||| UPGRADING to +2 kite shield.
  5966 | D:5      | 5966 ||| UPGRADING to +1 pair of boots.
  5971 | D:5      | 5971 ||| DROPPING amulet of faith.
  5972 | D:5      | 5972 ||| UPGRADING to +6 ring of intelligence.
  5973 | D:5      | 5973 ||| READING scroll labelled DUET ULOEKHU.
  6028 | D:6      | Reached skill level 1 in Shields
  6080 | D:6      | 6080 ||| INVOKING Berserk.
  6085 | D:6      | Reached XP level 9. HP: 78/78 MP: 8/8
  6270 | D:6      | 6270 ||| Stepping ~*~*~tactically~*~*~ (stealth).
  6271 | D:6      | 6271 ||| Stepping ~*~*~tactically~*~*~ (stealth).
  6278 | D:6      | Reached skill level 3 in Shields
  6314 | D:6      | Noticed Edmund
  6316 | D:6      | 6316 ||| INVOKING Berserk.
  6321 | D:6      | Killed Edmund
  6504 | D:6      | 6504 ||| INVOKING Berserk.
  6760 | D:6      | 6760 ||| INVOKING Berserk.
  6932 | D:6      | 6932 ||| INVOKING Berserk.
  6934 | D:6      | Reached skill level 6 in Shields
  7057 | D:6      | 7057 ||| UPGRADING to +0 chain mail.
  7067 | D:6      | 7067 ||| DROPPING +0 scale mail.
  7068 | D:6      | 7068 ||| READING 2 scrolls of identify.
  7068 | D:6      | 7068 ||| IDENTIFYING metallic sapphire potion
  7069 | D:6      | 7069 ||| DROPPING potion of degeneration.
  7096 | D:7      | 7096 ||| STAIRDANCE
  7106 | D:7      | Found Mebaa's Vocational Training.
  7166 | D:7      | Found a stormy altar of Qazlal.
  7584 | D:7      | 7584 ||| READING scroll of enchant armour.
  7584 | D:7      | 7584 ||| ENCHANTING +1 pair of gloves.
  7951 | D:7      | 7951 ||| READING 4 scrolls of identify.
  7951 | D:7      | 7951 ||| IDENTIFYING smoky cyan potion
  7952 | D:7      | 7952 ||| READING 3 scrolls of identify.
  7952 | D:7      | 7952 ||| IDENTIFYING amethyst potion
  7953 | D:7      | 7953 ||| DROPPING potion of attraction.
  7992 | D:8      | Found an ancient bone altar of Kikubaaqudgha.
  8046 | D:8      | 8046 ||| Stepping ~*~*~tactically~*~*~ (cloud).
  8047 | D:8      | 8047 ||| Stepping randomly (cloudy).
  8049 | D:8      | 8049 ||| INVOKING Berserk.
  8184 | D:8      | 8184 ||| Stepping ~*~*~tactically~*~*~ (hiding).
  8210 | D:8      | Found a burning altar of Makhleb.
  8211 | D:8      | Found a glowing silver altar of Zin.
  8211 | D:8      | Noticed an angel
  8212 | D:8      | Noticed an Executioner
  8349 | D:8      | 8349 ||| Stepping ~*~*~tactically~*~*~ (stealth).
  8383 | D:8      | 8383 ||| DROPPING +0 mace.
  8450 | D:8      | 8450 ||| Stepping ~*~*~tactically~*~*~ (stealth).
  8452 | D:8      | 8452 ||| Stepping ~*~*~tactically~*~*~ (hiding).
  8455 | D:8      | 8455 ||| INVOKING Berserk.
  8460 | D:8      | Reached skill level 9 in Shields
  8595 | D:8      | 8595 ||| Stepping ~*~*~tactically~*~*~ (hiding).
  8784 | D:8      | Reached XP level 10. HP: 79/86 MP: 9/9
  8964 | D:8      | 8964 ||| UPGRADING to +0 plate armour.
  8974 | D:8      | 8974 ||| DROPPING +0 chain mail.
  8975 | D:8      | 8975 ||| READING 3 scrolls of identify.
  8975 | D:8      | 8975 ||| IDENTIFYING yellow potion
  9331 | D:9      | Identified the +1 ring mail of Ethics {Str+3}
  9359 | D:9      | Noticed a skeletal warrior
  9363 | D:9      | 9363 ||| INVOKING Berserk.
  9378 | D:9      | Killed a skeletal warrior
  9509 | D:9      | Noticed a skeletal warrior
  9509 | D:9      | Noticed a skeletal warrior
  9511 | D:9      | Noticed a skeletal warrior
  9513 | D:9      | 9513 ||| INVOKING Berserk.
  9521 | D:9      | Killed a skeletal warrior
  9522 | D:9      | Reached skill level 13 in Axes
  9531 | D:9      | Killed a skeletal warrior
  9554 | D:9      | HP: 6/88 [skeletal warrior/+0 war axe (20)]
  9555 | D:9      | 9555 ||| DRINKING potion of heal wounds.
  9557 | D:9      | Killed a skeletal warrior
  9625 | D:9      | 9625 ||| INVOKING Berserk.
  9630 | D:9      | Reached skill level 14 in Axes
  9777 | D:9      | Found a staircase to the Lair.
  9794 | D:9      | 9794 ||| Stepping ~*~*~tactically~*~*~ (hiding).
  9801 | D:9      | 9801 ||| Stepping ~*~*~tactically~*~*~ (hiding).
  9807 | D:9      | 9807 ||| DRINKING 5 potions of curing.
  9807 | D:9      | 9807 ||| (to cure confusion)
 10138 | D:9      | 10138 ||| PLANNING LAIR
 10138 | D:9      | 10138 ||| UPGRADING to +0 tower shield.
 10148 | D:9      | 10148 ||| DROPPING +2 kite shield.
 10149 | D:9      | 10149 ||| DROPPING +2 pair of gloves.
 10150 | D:9      | 10150 ||| READING scroll labelled BEPRITUNIY.
 10198 | Lair:1   | Entered Level 1 of the Lair of Beasts
 10201 | Lair:1   | Noticed Grum
 10203 | Lair:1   | Noticed a black mamba
 10204 | Lair:1   | 10204 ||| INVOKING Berserk.
 10214 | Lair:1   | Killed a black mamba
 10220 | Lair:1   | Killed Grum
 10440 | Lair:1   | Reached XP level 11. HP: 94/94 MP: 10/10
 10671 | Lair:1   | 10671 ||| INVOKING Berserk.
 10697 | Lair:1   | Reached skill level 12 in Shields
 10866 | Lair:1   | 10866 ||| INVOKING Berserk.
 11025 | Lair:1   | 11025 ||| INVOKING Berserk.
 11147 | Lair:1   | 11147 ||| Stepping ~*~*~tactically~*~*~ (stealth).
 11148 | Lair:1   | 11148 ||| Stepping ~*~*~tactically~*~*~ (stealth).
 11149 | Lair:1   | 11149 ||| Stepping ~*~*~tactically~*~*~ (stealth).
 11345 | Lair:1   | 11345 ||| INVOKING Berserk.
 11751 | Lair:1   | 11751 ||| READING 4 scrolls of identify.
 11751 | Lair:1   | 11751 ||| IDENTIFYING black potion
 11763 | Lair:2   | Noticed a six-headed hydra
 11767 | Lair:2   | 11767 ||| SWAPPING to +0 flail.
 11768 | Lair:2   | 11768 ||| INVOKING Berserk.
 11774 | Lair:2   | Killed a six-headed hydra
 11792 | Lair:2   | 11792 ||| STAIRDANCE
 11794 | Lair:1   | 11794 ||| SWAPPING to +0 war axe.
 11900 | Lair:2   | 11900 ||| INVOKING Berserk.
 11905 | Lair:2   | Reached skill level 3 in Throwing
 12095 | Lair:2   | Found a staircase to the Swamp.
 12180 | Lair:2   | Found a hole to the Spider Nest.
 12452 | Lair:2   | 12452 ||| INVOKING Berserk.
 12567 | Lair:2   | 12567 ||| INVOKING Berserk.
 12730 | Lair:2   | Noticed qw's ghost (journeyman TrCA)
 12730 | Lair:2   | Noticed a minotaur
 12770 | Lair:2   | Found a runed translucent gate.
 12771 | Lair:2   | Found a runed translucent gate.
 12772 | Lair:2   | Found a runed translucent gate.
 12992 | Lair:2   | 12992 ||| INVOKING Berserk.
 13013 | Lair:2   | Reached skill level 15 in Axes
 13243 | Lair:2   | 13243 ||| UPGRADING to +2 pair of boots.
 13253 | Lair:2   | 13253 ||| DROPPING +1 pair of boots.
 13343 | Lair:3   | Noticed Sonja
 13369 | Abyss:1  | Found a corrupted altar of Lugonu.
 13369 | Abyss:1  | Cast into level 1 of the Abyss (Sonja)
 13370 | Abyss:1  | 13370 ||| INVOKING Trog's Hand.
 13389 | Abyss:1  | 13389 ||| READING scroll labelled HALIALAJYE.
 13426 | Abyss:1  | 13426 ||| INVOKING Trog's Hand.
 13476 | Abyss:1  | 13476 ||| Stepping ~*~*~tactically~*~*~ (stealth).
 13479 | Abyss:1  | 13479 ||| Stepping ~*~*~tactically~*~*~ (stealth).
 13515 | Abyss:1  | Reached XP level 12. HP: 88/103 MP: 11/11
 13515 | Abyss:1  | 13515 ||| Stepping ~*~*~tactically~*~*~ (hiding).
 13528 | Abyss:1  | Gained mutation: You are weak. (Str -2) [a neqoxec]
 13538 | Abyss:1  | 13538 ||| INVOKING Berserk.
 13540 | Abyss:1  | Reached skill level 3 in Dodging
 13544 | Abyss:1  | 13544 ||| INVOKING Trog's Hand.
 13620 | Abyss:1  | Noticed a profane servitor
 13622 | Abyss:1  | Found a corrupted altar of Lugonu.
 13629 | Abyss:1  | 13629 ||| INVOKING Berserk.
 13636 | Abyss:1  | HP: 28/151 [large abomination (11)]
 13641 | Abyss:1  | HP: 18/151 [profane servitor/+1 whip (4)]
 13642 | Abyss:1  | Reached skill level 9 in Fighting
 13645 | Abyss:1  | HP: 6/156 [profane servitor/+1 whip (5)]
 13646 | Abyss:1  | HP: 1/156 [profane servitor/+1 whip (3)]
 13649 | Abyss:1  | 13649 ||| READING scroll of teleportation.
 13650 | Abyss:1  | 13650 ||| DRINKING 2 potions of heal wounds.
 13651 | Abyss:1  | 13651 ||| DRINKING potion of heal wounds.
 13652 | Abyss:1  | HP: 16/102 [white imp/puff of frost (11)]
 13654 | Abyss:1  | Slain by a profane servitor

Levels and vault maps discovered:
D:1:      nzn_arrival_settlement, layout_basic, serial_shops, shop, shop_coins,
          hellmonk_ecumenical_altar_pennies_from_heaven, st_stairs_6
D:2:      layout_rooms, ebering_dispersal_statue_hall
D:3:      cheibrodos_helix_gallery, layout_loops_cross,
          nicolae_dithmenos_shadow_blocks, reono_crystal_passage,
          minmay_close_crescents, uniq_robin
D:4:      layout_loops_ring, uniq_sigmund
D:5:      layout_cave_pods, nicolae_ashenzari_skybound,
          minmay_temple_entry_hall, minmay_fractal_squares_diagonal_5
D:6:      layout_basic, kennysheep_little_box, grunt_gozag_statues, uniq_edmund
D:7:      layout_basic, nicolae_qazlal_general_emergency,
          minmay_misc_feat_square, nicolae_shop_vocational
D:8:      layout_basic, grunt_temple_overflow_order_and_chaos_2,
          kiku_gazebo_pond_becter
D:9:      layout_loops_ring, lair_entry_dummy
Lair:1:   layout_long_grid, grunt_megastairs_4, uniq_grum
Lair:2:   layout_chaotic_city, swamp_mist, spider_nest_entry_webs,
          maelrawn_ghost_gauntlet_escape
Lair:3:   layout_hall_layers, lemuel_fruit_fields, uniq_sonja
Abyss:1:  base:
D:7

Skill      XL: |  1  2  3  4  5  6  7  8  9 10 11 12 |
---------------+-------------------------------------+-----
Axes           | 4 5 6 7 9 10 12 14 15 | 15.0
Fighting       | 4 5 6 7 8 9 |  9.1
Armour         | 4 5 7 8 |  8.0
Throwing       | 1 3 |  3.4
Shields        | 2 9 10 13 | 13.6
Dodging        | 3 |  3.9

Action                   |  1- 3 |  4- 6 |  7- 9 | 10-12 || total
-------------------------+-------+-------+-------+-------++-------
Melee: Hand axe          |    90 |    84 |    53 |       ||   227
       Headbutt          |    16 |     9 |    40 |    70 ||   135
       Punch             |     1 |     1 |     2 |       ||     4
       War axe           |       |       |   165 |   344 ||   509
       Flail             |       |       |       |     9 ||     9
Throw: Boomerang         |       |       |    39 |    28 ||    67
       Javelin           |       |       |       |    39 ||    39
Invok: Berserk           |     3 |     1 |    13 |    15 ||    32
       Trog's Hand       |       |       |       |     3 ||     3
  Use: Scroll            |     6 |     1 |    11 |     5 ||    23
       Potion            |     2 |     1 |     2 |     4 ||     9
 Stab: Sleeping          |     1 |       |       |       ||     1
Armor: Animal skin       |     5 |       |       |       ||     5
       Leather armour    |     5 |       |       |       ||     5
       Ring mail         |       |    28 |     1 |       ||    29
       Scale mail        |       |       |    35 |       ||    35
       Chain mail        |       |       |    20 |       ||    20
       Plate armour      |       |       |       |   123 ||   123
Dodge: Dodged            |    48 |    37 |    52 |    48 ||   185
Block: Other             |     2 |    19 |    11 |       ||    32
       Kite shield       |       |       |    69 |    46 ||   115
       Reflection        |       |       |     1 |     3 ||     4
       Tower shield      |       |       |       |   311 ||   311

Table legend:
 A = Non-vault XP
 B = Vault XP
 C = Vault XP percentage of total XP
 D = Non-vault monster count
 E = Vault monster count
 F = Vault count percentage of total count
                 A         B        C        D         E       F
            +---------+---------+-------+---------+---------+-------
      Total |   20696 |    2703 |  11.6 |     180 |      41 |  18.6
            +---------+---------+-------+---------+---------+-------
        D:1 |      40 |       1 |   2.4 |      25 |       1 |   3.8
        D:2 |      58 |       0 |   0.0 |      18 |       0 |   0.0
        D:3 |      42 |     125 |  74.9 |      11 |      18 |  62.1
        D:4 |     448 |     239 |  34.8 |      17 |       1 |   5.6
        D:5 |     894 |     360 |  28.7 |      11 |       9 |  45.0
        D:6 |    1443 |     158 |   9.9 |      16 |       1 |   5.9
        D:7 |     308 |       0 |   0.0 |       4 |       0 |   0.0
        D:8 |    1544 |       0 |   0.0 |      19 |       0 |   0.0
        D:9 |    4050 |       0 |   0.0 |      16 |       0 |   0.0
     Lair:1 |    4093 |    1480 |  26.6 |      17 |       9 |  34.6
     Lair:2 |    4907 |     340 |   6.5 |      15 |       2 |  11.8
     Lair:3 |     599 |       0 |   0.0 |       2 |       0 |   0.0
    Abyss:1 |    2270 |       0 |   0.0 |       9 |       0 |   0.0
            +---------+---------+-------+---------+---------+-------
